 Dungeon Crawl Stone Soup version 0.26-a0-52-gd53d4cd058 (webtiles) character file.

Game seed: 8762986670845257197

18 vurker the Firebug (level 2, -2/22 HPs)
             Began as a Demigod Fire Elementalist on June 6, 2020.
             Slain by a hobgoblin
             ... wielding a +0 club
              (5 damage)
             ... on level 1 of the Dungeon.
             The game lasted 00:01:49 (1117 turns).

vurker the Firebug (Demigod Fire Elementalist)      Turns: 1117, Time: 00:01:50

Health: -2/22      AC:  2    Str: 11    XL:     2   Next: 33%
Magic:  15/16      EV: 12    Int: 19    God:
Gold:   60         SH:  0    Dex: 16    Spells: 4/5 levels left

rFire    . . .     SeeInvis .   c - +0 whip
rCold    . . .     Gourm    .   (no shield)
rNeg     . . .     Faith    .   a - +0 robe
rPois    .         Spirit   .   (no helmet)
rElec    .         Reflect  .   (no cloak)
rCorr    .         Harm     .   (no gloves)
MR       .....                  (no boots)
Stlth    ++........             (no amulet)
HPRegen  0.07/turn              d - ring of magical power
MPRegen  0.15/turn              (no ring)

@: no status effects
A: high mp 1
a: no special abilities


You were on level 1 of the Dungeon.
You were hungry.

You visited 1 branch of the dungeon, and saw 2 of its levels.

You collected 60 gold pieces.

Inventory:

Hand Weapons
 c - a +0 whip (weapon)
   (You found it on level 1 of the Dungeon)
Armour
 a - a +0 robe (worn)
Jewellery
 d - a ring of magical power (left hand)
   (You found it on level 1 of the Dungeon)
Scrolls
 g - a scroll of fear {unknown}
Potions
 b - 2 potions of lignification
 h - a potion of mutation
 i - a potion of stabbing {unknown}
Comestibles
 e - 2 rations


   Skills:
 + Level 0.4 Fighting
 - Level 1.7 Dodging
 - Level 1.7 Stealth
 * Level 2.1 Spellcasting
 * Level 1.3 Conjurations
 * Level 2.9 Fire Magic


You had 4 spell levels left.
You knew the following spells:

 Your Spells              Type           Power        Failure   Level  Hunger
a - Foxfire               Conj/Fire      ##..         7%          1    #......

Your spell library contained the following spells:

 Spells                   Type           Power        Failure   Level  Hunger
 Conjure Flame            Conj/Fire      ##......     21%         3    ###....
 Inner Flame              Hex/Fire       #.......     26%         3    ###....
 Sticky Flame             Conj/Fire      ##......     56%         4    #####..
 Fireball                 Conj/Fire      ##........   88%         5    ######.


Dungeon Overview and Level Annotations

Branches:
Dungeon (2/15)


Innate Abilities, Weirdness & Mutations

You have an increased reservoir of magic. (+10% MP)


Message History

You open the door.
There is an open door here.
All of the chunks of flesh in your inventory have rotted away.
Things that are here:
a cursed +0 short sword; 3 stones
Found 11 gold pieces.
You now have 60 gold pieces (gained 11).
Done exploring.
Done exploring.
Done exploring.
Done exploring.
You are feeling hungry.
You can't go down here!
You see here a scale mail.
There is a stone staircase leading down here.
You climb downwards. 2 hobgoblins come into view.
The hobgoblin shouts! x2; You hear a shout!
Found a ration.
There is a stone staircase leading up here.
There are monsters nearby!
You barely miss the hobgoblin.
A ball python comes into view.
A kobold comes into view. It is wielding a +0 club.
The hobgoblin hits you but does no damage.
The hobgoblin hits you.
You hit the hobgoblin. The hobgoblin barely misses you.
The hobgoblin hits you with a +0 club! The hobgoblin misses you. x2
You climb upwards.
There is a stone staircase leading down here.
You hit the hobgoblin but do no damage. The hobgoblin closely misses you.
The hobgoblin hits you with a +0 club.
* * * LOW HITPOINT WARNING * * *
You hit the hobgoblin but do no damage. The hobgoblin hits you.
* * * LOW HITPOINT WARNING * * *
The hobgoblin closely misses you.
You hit the hobgoblin. The hobgoblin barely misses you.
The hobgoblin hits you but does no damage.
You hit the hobgoblin but do no damage. The hobgoblin closely misses you.
The hobgoblin barely misses you.
You hit the hobgoblin.
You kill the hobgoblin!
The hobgoblin hits you with a +0 club.
* * * LOW HITPOINT WARNING * * *
You conjure some foxfire!
The hobgoblin hits you with a +0 club.
* * * LOW HITPOINT WARNING * * *
The foxfire hits the hobgoblin.
You conjure some foxfire!
The hobgoblin hits you with a +0 club.
You die...

#...........###.## #
########...........# #.# #
#.....#######'###### #.# #
######.##### ####.# #####.#####
....##.# ##.##.# #..........
###.##.# #.....# #.###.#####
#.##.# ###...### #.# #.# # #.##.#
##.....v.# #.# #.# # ###.##.#
#.....@..# #.# #># #
.......####..(..vg.# #.# #.#####
............##...#.# #.# #[.....
.=..##########...#.# #.# #......
....# ##.##.# #.# ##.#### ...##
#.##.# #.# #.# ..## #.##.# #.#
#.# # ..######## #.##.#
#.####.####
.........######....####..........


You could see a hobgoblin.

Vanquished Creatures
  A dart slug (D:1)
  2 leopard geckos (D:1)
  A goblin (D:1)
  2 hobgoblins (D:1)
  A ball python (D:1)
  3 frilled lizards (D:1)
  3 kobolds (D:1)
  2 rats (D:1)
15 creatures vanquished.

Vanquished Creatures (others)
  18 foxfires (D:1)
18 creatures vanquished.

Grand Total: 33 creatures vanquished

Notes
Turn   | Place    | Note
-------+----------+-------------------------------------------
     0 | D:1      | vurker the Demigod Fire Elementalist began the quest for
                  | the Orb.
     0 | D:1      | Reached XP level 1. HP: 14/14 MP: 5/5
    98 | D:1      | Reached skill level 1 in Conjurations
   669 | D:1      | Reached XP level 2. HP: 20/20 MP: 7/7
  1117 | D:1      | Slain by a hobgoblin

Illustrated notes

Levels and vault maps discovered:
D:1:      psy_arrival_statuary, layout_loops_ring
D:2:      layout_basic, grunt_gozag_breadcrumbs

Skill      XL: |  1 |
---------------+----+-----
Conjurations   | 1 |  1.3
Spellcasting   | 2 |  2.1
Fighting       | |  0.4
Dodging        | |  1.7
Stealth        | |  1.7
Fire Magic     | |  2.9

Action                   || total
-------------------------++-------
Melee: Whip              ||    22
 Cast: Foxfire           ||    17
  Use: Scroll            ||     4
 Stab: Sleeping          ||     5
Dodge: Dodged            ||    18

Table legend:
 A = Non-vault XP
 B = Vault XP
 C = Vault XP percentage of total XP
 D = Non-vault monster count
 E = Vault monster count
 F = Vault count percentage of total count
                 A         B        C        D         E       F
            +---------+---------+-------+---------+---------+-------
      Total |      26 |       0 |   0.0 |      15 |       0 |   0.0
            +---------+---------+-------+---------+---------+-------
        D:1 |      26 |       0 |   0.0 |      15 |       0 |   0.0
            +---------+---------+-------+---------+---------+-------
